 Dungeon Crawl Stone Soup version 0.19.1-1-g22dce08 (webtiles) character file.

107534 Alarkh the Severer (level 16, -16/125 HPs)
             Began as a Demonspawn Monk on Jan 5, 2017.
             Was a High Priest of Okawaru.
             Killed from afar by a nagaraja (18 damage)
             ... with a poison arrow
             ... on level 2 of the Snake Pit on Jan 7, 2017.
             The game lasted 01:16:59 (31816 turns).

Alarkh the Severer (Demonspawn Monk)               Turns: 31816, Time: 01:16:59

Health: -16/125    AC: 17    Str: 14    XL:     16   Next: 0%
Magic:  22/22      EV: 26    Int: 18    God:    Okawaru [*****.]
Gold:   886        SH:  0    Dex: 16    Spells: 2 memorised, 9 levels left

rFire  + . .     SeeInvis +     a - +2 battleaxe (elec)
rCold  + . .     Gourm    .     z - +3 troll leather armour {Snorg}
rNeg   . . .     Faith    .     (shield currently unavailable)
rPois  .         Spirit   .     K - +0 hat {SInv}
rElec  +         Reflect  .     o - +1 cloak of Starlight {rElec rC+ EV+4 Stlth--}
rCorr  .         Harm     .     G - +2 pair of gloves {archery}
MR     +....                    E - +1 pair of boots
Stlth  +++++.....               h - amulet of rage
                                d - +3 ring of evasion
                                D - ring of protection from fire

@: lethally poisoned (-16 -> -22)
A: antennae 1, demonic guardian 1, mutation resistance 1, nightstalker 3, strong
1, sturdy frame 2
a: Heroism, Finesse, Renounce Religion, Evoke Berserk Rage


You were on level 2 of the Snake Pit.
You worshipped Okawaru.
Okawaru was extremely pleased with you.
You were not hungry.

You visited 5 branches of the dungeon, and saw 26 of its levels.
You also visited: Bailey.

You collected 2921 gold pieces.
You spent 2035 gold pieces at shops.

Inventory:

Hand Weapons
 a - a +2 battleaxe of electrocution (weapon)
Armour
 o - the +1 cloak of Starlight (worn) {rElec rC+ EV+4 Stlth--}
   (You bought it in a shop on level 2 of the Orcish Mines)

   It affects your evasion (+4).
   It protects you from cold.
   It insulates you from electricity.
   It makes you much less stealthy.
 z - a +3 troll leather armour (worn) {Snorg}
 E - a +1 pair of boots (worn)
 G - a +2 pair of gloves of archery (worn)
 K - a +0 hat of see invisible (worn)
Rods
 w - a +1 rod of clouds (10/10)
   (You found it on level 4 of the Lair of Beasts)
Jewellery
 d - a +3 ring of evasion (right hand)
 h - an amulet of rage (around neck)
 s - an uncursed ring of teleportation
 y - an uncursed ring of positive energy
 D - a ring of protection from fire (left hand)
 I - an uncursed amulet of guardian spirit
 U - an uncursed ring of stealth
Wands
 f - a wand of disintegration (10/24)
 i - a wand of teleportation (5/9)
 C - a wand of disintegration (11/24)
 P - a wand of iceblast (6/15)
Scrolls
 b - a scroll of amnesia
 e - a scroll of identify
 k - 3 scrolls of magic mapping
 m - 20 scrolls of remove curse
 u - 3 scrolls of recharging
 M - 3 scrolls of blinking
 R - a scroll of brand weapon {unknown}
 T - 2 scrolls of silence {unknown}
 W - 2 scrolls of teleportation
 X - 2 scrolls of fog {unknown}
Potions
 l - 2 potions of might
 n - a potion of agility
 p - 2 potions of lignification
 r - 3 potions of heal wounds
 v - 2 potions of invisibility
 A - 5 potions of haste
 F - 2 potions of curing
 N - 5 potions of flight
Miscellaneous
 g - a fan of gales
 Y - a lamp of fire
Comestibles
 c - 13 bread rations


   Skills:
 + Level 11.0 Fighting
 * Level 16.9 Axes
 + Level 10.0 Armour
 + Level 9.8 Dodging
 + Level 8.1 Stealth
 + Level 0.0 Spellcasting
 + Level 0.3 Charms
 - Level 9.0 Invocations
 + Level 7.8 Evocations


You had 9 spell levels left.
You knew the following spells:

 Your Spells              Type           Power        Failure   Level  Hunger
a - Regeneration          Chrm/Necr      #.........   69%         3    ####...
c - Spectral Weapon       Hex/Chrm       #.......     69%         3    ####...


Dungeon Overview and Level Annotations

Branches:
Dungeon (15/15)            Temple (1/1) D:7            Lair (6/6) D:10
  Swamp (0/4) Lair:4        Snake (2/4) Lair:3        Slime (0/5) Lair:6
    Orc (2/2) D:10            Elf (0/3) Orc:2        Vaults (0/5) D:14
 Depths (0/5) D:15

Altars:
Ashenzari
Cheibriados
Dithmenos
Elyvilon
Fedhas
Gozag
Hepliaklqana
Kikubaaqudgha
Makhleb
Nemelex Xobeh
Okawaru
Qazlal
Ru
Sif Muna
Trog
Uskayaw
Vehumet
Xom
Yredelemnul
Zin
The Shining One
Beogh
Jiyva

Shops:
D:10 ?   D:11 [   D:14 ?   D:15 %   Orc:2 [[*[

Portals:
Trove: D:12 (give 7 potions of haste)

Annotations:
D:4 Grinder
D:9 Gastronok
Lair:6 exclusion: hydra


Innate Abilities, Weirdness & Mutations

You have a pair of small antennae on your head.
A weak demonic guardian rushes to your aid.
You are completely attuned to the shadows.
Your movements are less encumbered by armour. (ER -4)
You are somewhat resistant to further mutation.
Your muscles are strong. (Str +2)


Message History

You escape the nagaraja's grasp.
You feel sick.
You feel sick.
You feel sick. The nagaraja hits your quasit!!
Your quasit dies!
You feel sick.
The nagaraja casts a spell.
The nagaraja mumbles some strange words.
You feel sick. The nagaraja spits poison at you.
The splash of poison misses you.
You feel sick. The nagaraja casts a spell at you. The orb of energy hits you!
* * * LOW HITPOINT WARNING * * *
There is a stone staircase leading up here.
You feel sick. The nagaraja casts a spell at you. The poison arrow hits you!
You are lethally poisoned!
You die...

..###......###
##....#
....#)...#...##
##.?.###
#..#)#..###.#.##
##.#..#
#########
##...###..).##
##...#..N.##
##......##
##....##
###..### #.5.@#
....## ...# .##


You could see a nagaraja and a friendly quasit (wandering).

Vanquished Creatures
  Frances (Snake:1)
  Donald (Snake:1)
  Agnes (D:15)
  A nagaraja (Snake:2)
  Aizul (Snake:1)
  Snorg (D:10)
  A fire dragon (D:15)
  An ice dragon (D:15)
  Erolcha (D:9)
  2 hydras (Lair:4)
  A vault guard (D:14)
  The ghost of kraktruk the Cleaver, a novice DDFi of Makhleb (D:10)
  5 anacondas
  A naga warrior (Snake:1)
  Erica (D:10)
  5 centaur warriors
  A death knight (D:14)
  An ogre mage (D:15)
  5 death yaks
  2 naga sharpshooters (Snake:2)
  2 shock serpents
  Nergalle (Lair:2)
  A skeletal warrior (D:14)
  Sonja (D:15)
  2 salamander mystics (Snake:2)
  An unseen horror (D:15)
  2 wizards
  A naga ritualist (Snake:1)
  A phantasmal warrior (D:14)
  8 hill giants
  The ghost of crawlian the Arsonist, a novice DEFE of Vehumet (D:9)
  A necromancer (D:10)
  9 orc knights
  2 deep elf magi (D:15)
  A mana viper (Snake:1)
  6 ugly things
  5 salamanders
  2 manticores
  8 elephants
  5 cyclopes
  16 black mambas
  6 centaur zombies
  A gargoyle (D:12)
  A torpor snail (Lair:4)
  8 spiny frogs
  5 centaur skeletons
  4 naga magi
  A rime drake (Lair:6)
  5 komodo dragons
  A freezing wraith (D:14)
  The ghost of Thrillho the Firebug, a novice DEFE (D:6)
  6 trolls
  8 polar bears
  2 raiju (Lair:6)
  5 two-headed ogres
  A hornet (D:14)
  3 blink frogs (Lair:6)
  12 hippogriffs
  4 slime creatures (D:15)
  3 dream sheep (Lair:5)
  A vampire (D:14)
  4 shadows
  A basilisk (Lair:5)
  5 wyverns
  Eustachio (D:5)
  Grum (D:9)
  3 wraiths
  2 water elementals (D:11)
  26 yaks
  2 hungry ghosts
  5 vampire mosquitoes
  A mottled dragon (D:15)
  4 insubstantial wisps (Lair:4)
  12 water moccasins
  12 wargs
  14 nagas
  A soldier ant (D:12)
  6 hell hounds (Lair:6)
  46 orc warriors
  4 porcupines
  A swamp drake (D:10)
  4 phantoms
  2 sky beasts
  The ghost of Yoshimo the Jinx, an amateur FeEn of Dithmenos (D:5)
  3 ice beasts
  12 ogres
  An eye of draining (Lair:6)
  14 black bears
  3 necrophages (D:8)
  19 wolves
  35 centaurs
  10 crocodiles
  A big kobold (D:8)
  15 bullfrogs
  A wyvern skeleton (D:10)
  14 wights
  12 killer bees
  An electric eel (D:11)
  5 howler monkeys
  7 crimson imps
  2 bullfrog zombies
  3 quasits
  A gnoll shaman (D:4)
  24 hounds
  21 orc wizards
  17 orc priests
  4 jellies
  A bullfrog skeleton (D:9)
  4 iguanas
  2 hell rats (Lair:4)
  7 worker ants
  4 polar bear simulacra (D:10)
  3 yak simulacra (D:10)
  A killer bee zombie (D:10)
  3 hound skeletons
  A hound zombie (D:9)
  3 worker ant zombies
  3 gnolls
  17 adders
  8 river rats (Lair:4)
  An ooze (D:4)
  2 adder zombies
  An adder skeleton (D:9)
  A worm (D:2)
  5 leopard geckos
  108 orcs
  9 bats
  9 giant cockroaches
  10 goblins
  6 hobgoblins
  6 jackals
  14 kobolds
  6 quokkas
  2 ball pythons
  11 frilled lizards
  A jackal skeleton (D:8)
  A quokka skeleton (D:9)
  9 rats
  4 river rat simulacra (D:10)
  2 bushes
  5 fungi
  9 plants
850 creatures vanquished.

Vanquished Creatures (collateral kills)
  A hydra (Lair:4)
  A naga ritualist (Snake:2)
  A hill giant (D:11)
  A deep elf mage (D:13)
  A black mamba (Snake:1)
  A spiny frog (Lair:6)
  2 polar bears (Lair:6)
  A dream sheep (Lair:5)
  A hungry ghost (D:8)
  A water moccasin (D:9)
  A black bear (Lair:6)
  An ice beast (D:5)
  An orc warrior (D:8)
  2 wolves (D:9)
  A centaur (D:10)
  A howler monkey (D:7)
  A centaur zombie (D:8)
  3 orc priests
  An iguana (D:6)
  A worker ant (D:6)
  A worker ant zombie (D:5)
  2 adders
  4 orcs
  A quokka (D:5)
  A jackal skeleton (D:7)
33 creatures vanquished.

Vanquished Creatures (others)
  A porcupine (Lair:4)
  A centaur (Orc:2)
  2 fungi
  20 plants
24 creatures vanquished.

Grand Total: 907 creatures vanquished

Notes
Turn   | Place    | Note
-------+----------+-------------------------------------------
     0 | D:1      | Alarkh the Demonspawn Monk began the quest for the Orb.
     0 | D:1      | Reached XP level 1. HP: 18/18 MP: 1/1
    53 | D:1      | Reached skill level 3 in Axes
   113 | D:1      | Gained mutation: You are slightly more attuned to the shadows. [demonic ancestry]
   113 | D:1      | Reached XP level 2. HP: 18/24 MP: 2/2
   616 | D:2      | Reached XP level 3. HP: 17/29 MP: 3/3
   936 | D:2      | Reached skill level 4 in Axes
  1596 | D:3      | Gained mutation: You are significantly more attuned to the shadows. [demonic ancestry]
  1596 | D:3      | Reached XP level 4. HP: 35/35 MP: 4/4
  2031 | D:3      | Reached skill level 5 in Axes
  2075 | D:3      | Gained mutation: A weak demonic guardian rushes to your aid. [demonic ancestry]
  2075 | D:3      | Reached XP level 5. HP: 41/41 MP: 5/5
  2756 | D:4      | Found a burning altar of Makhleb.
  2788 | D:4      | Noticed Grinder
  2831 | D:4      | Reached skill level 6 in Axes
  3146 | D:4      | Reached XP level 6. HP: 45/47 MP: 6/6
  3491 | D:5      | Entered Level 5 of the Dungeon
  3507 | D:5      | Noticed Yoshimo's ghost (amateur FeEn)
  3525 | D:5      | Killed Yoshimo's ghost
  3525 | D:5      | Reached skill level 7 in Axes
  3651 | D:5      | Noticed an ice beast
  3959 | D:5      | Gained mutation: You are completely attuned to the shadows. [demonic ancestry]
  3959 | D:5      | Reached XP level 7. HP: 48/52 MP: 7/7
  4015 | D:5      | Noticed Eustachio
  4035 | D:5      | Killed Eustachio
  4035 | D:5      | Reached skill level 8 in Axes
  4259 | D:5      | Found a bloodstained altar of Trog.
  4260 | D:5      | Found a deep blue altar of Sif Muna.
  4260 | D:5      | Found an ancient bone altar of Kikubaaqudgha.
  4291 | D:5      | Found a shattered altar of Ashenzari.
  4828 | D:6      | Reached skill level 9 in Axes
  4828 | D:6      | Reached XP level 8. HP: 41/58 MP: 8/8
  5173 | D:6      | Found a sparkling altar of Nemelex Xobeh.
  5593 | D:6      | Noticed Thrillho's ghost (novice DEFE)
  5605 | D:6      | Killed Thrillho's ghost
  5605 | D:6      | Reached skill level 10 in Axes
  5916 | D:7      | Found a shadowy altar of Dithmenos.
  5934 | D:7      | Found a sparkling altar of Nemelex Xobeh.
  6152 | D:7      | Noticed a hippogriff
  6450 | D:7      | Got a smoking silver ring
  6543 | D:7      | Killed a hippogriff
  6543 | D:7      | Reached skill level 11 in Axes
  6543 | D:7      | Reached XP level 9. HP: 23/63 MP: 9/9
  6719 | D:7      | Found a hazy altar of Hepliaklqana.
  6853 | D:7      | Found a staircase to the Ecumenical Temple.
  6861 | Temple   | Entered the Ecumenical Temple
  6954 | Temple   | Became a worshipper of Warmaster Okawaru
  6954 | Temple   | Reached * piety under Okawaru
  6954 | Temple   | Reached ** piety under Okawaru
  7487 | D:8      | Identified the ring of Apinloj {Fire Dex+4} (You found it on level 7 of the Dungeon)
  7688 | D:8      | Reached skill level 12 in Axes
  8012 | D:8      | Reached skill level 1 in Invocations
  8129 | D:8      | Found a blossoming altar of Fedhas.
  8308 | D:8      | Reached skill level 1 in Armour
  8477 | D:8      | Reached *** piety under Okawaru
  8804 | D:8      | Reached XP level 10. HP: 50/70 MP: 10/12
  9537 | D:9      | Noticed Erolcha
  9597 | D:9      | Noticed Gastronok
  9813 | D:9      | Reached **** piety under Okawaru
  9905 | D:9      | Noticed Grum
  9925 | D:9      | Killed Grum
 10551 | D:9      | Noticed crawlian's ghost (novice DEFE)
 10567 | D:9      | Killed crawlian's ghost
 10567 | D:9      | Reached ***** piety under Okawaru
 10567 | D:9      | Reached skill level 13 in Axes
 10724 | D:9      | Reached skill level 5 in Dodging
 10821 | D:9      | Reached skill level 5 in Fighting
 10821 | D:9      | Reached skill level 5 in Invocations
 10989 | D:9      | Killed Erolcha
 10989 | D:9      | Reached XP level 11. HP: 54/79 MP: 12/14
 11091 | D:10     | Entered Level 10 of the Dungeon
 11091 | D:10     | Noticed kraktruk's ghost (novice DDFi)
 11288 | D:10     | Found Dofunur's Magic Scroll Emporium.
 11296 | D:10     | Bought a scroll of enchant weapon for 105 gold pieces
 11296 | D:10     | Bought a scroll of teleportation for 42 gold pieces
 11371 | D:10     | Noticed Erica
 11510 | D:10     | Found a staircase to the Orcish Mines.
 11671 | D:10     | Noticed a necromancer
 11677 | D:10     | Killed a necromancer
 12031 | D:10     | Found a staircase to the Lair.
 12193 | D:10     | Noticed Snorg
 12302 | D:10     | Killed Erica
 12302 | D:10     | Received a gift from Okawaru
 12305 | D:10     | Got a faintly glowing hand axe {god gift}
 12306 | D:10     | Identified the +1 hand axe of Okawaru's Esteem {drain, rElec rF+ rC+ Int-4} (Okawaru gifted it to you on level 10 of the Dungeon)
 12577 | D:10     | Noticed a hill giant
 12585 | D:10     | Killed a hill giant
 12867 | D:10     | Noticed a hill giant
 12921 | D:10     | Killed a hill giant
 12962 | D:10     | Killed Snorg
 12962 | D:10     | Reached skill level 5 in Armour
 13089 | Lair:1   | Entered Level 1 of the Lair of Beasts
 13401 | Lair:1   | Received a gift from Okawaru
 13413 | Lair:1   | You fall through a shaft!
 14050 | Lair:1   | Reached skill level 14 in Axes
 14072 | Lair:1   | Reached XP level 12. HP: 38/88 MP: 11/17
 14520 | Lair:2   | Noticed Nergalle
 14539 | Lair:2   | Killed Nergalle
 15841 | Lair:3   | Found a staircase to the Snake Pit.
 16543 | Lair:4   | Reached ****** piety under Okawaru
 16543 | Lair:4   | Received a gift from Okawaru
 16617 | Lair:4   | Identified a +1 rod of clouds (10/10) (You found it on level 4 of the Lair of Beasts)
 16716 | Lair:4   | Noticed a seven-headed hydra
 16821 | Lair:4   | Noticed a six-headed hydra
 16825 | Lair:4   | Killed a six-headed hydra
 16861 | Lair:4   | Received a gift from Okawaru
 16999 | Lair:4   | Found a staircase to the Swamp.
 17192 | Lair:4   | Found a hazy altar of Hepliaklqana.
 17500 | Lair:4   | Noticed a four-headed hydra
 17508 | Lair:4   | Killed a four-headed hydra
 17508 | Lair:4   | Reached skill level 1 in Evocations
 17519 | Lair:4   | Killed a seven-headed hydra
 17600 | Lair:4   | Noticed a death yak
 17600 | Lair:4   | Noticed a death yak
 17623 | Lair:4   | Killed a death yak
 17623 | Lair:4   | Gained mutation: Your movements are slightly less encumbered by armour. (ER -2) [demonic ancestry]
 17623 | Lair:4   | Reached XP level 13. HP: 53/97 MP: 11/19
 18450 | Lair:6   | Entered Level 6 of the Lair of Beasts
 18577 | Lair:6   | Reached skill level 15 in Axes
 18817 | Lair:6   | Found a staircase to the Slime Pits.
 18818 | Lair:6   | Found a viscous altar of Jiyva.
 18915 | Lair:6   | Received a gift from Okawaru
 19857 | Lair:6   | Received a gift from Okawaru
 20443 | D:10     | Killed kraktruk's ghost
 20488 | Orc:1    | Entered Level 1 of the Orcish Mines
 20663 | Orc:1    | Found a roughly hewn altar of Beogh.
 20883 | Orc:2    | Entered Level 2 of the Orcish Mines
 21134 | Orc:2    | Found Yde Usog's Assorted Antiques.
 21134 | Orc:2    | Found Ytaikhloe's Armour Shop.
 21134 | Orc:2    | Found Kiasmi Ykhlu's Armour Boutique.
 21135 | Orc:2    | Found Minookk's Antique Armour Emporium.
 21158 | Orc:2    | Received a gift from Okawaru
 21164 | Orc:2    | Gained mutation: Your movements are less encumbered by armour. (ER -4) [demonic ancestry]
 21164 | Orc:2    | Reached XP level 14. HP: 76/107 MP: 7/20
 21182 | Orc:2    | Bought a scroll labeled MOTWAY USOCS for 30 gold pieces
 21182 | Orc:2    | Bought a sedimented puce potion for 27 gold pieces
 21217 | Orc:2    | Reached skill level 5 in Evocations
 21257 | Orc:2    | Bought the +1 cloak of Starlight {rElec rC+ EV+4 Stlth--} for 1290 gold pieces
 21419 | Orc:2    | Found a staircase to the Elven Halls.
 22038 | Orc:2    | Bought a crude leather armour for 203 gold pieces
 22038 | Orc:2    | Bought a shiny helmet for 304 gold pieces
 22053 | Orc:2    | Identified the +1 leather armour "Siaph" {rC+ rN+ Dex-2 Slay+5} (You bought it in a shop on level 2 of the Orcish Mines)
 22222 | Orc:1    | Found a roughly hewn altar of Beogh.
 22472 | D:11     | Reached skill level 5 in Stealth
 22535 | D:11     | Found Javuntul's Antique Armour Shop.
 22625 | D:11     | Found a flagged portal.
 22639 | Bailey   | Entered a bailey
 22907 | Bailey   | Got a transparent scale mail
 22918 | Bailey   | Identified the +3 scale mail "Sadeo" {Dex+4} (You found it in a bailey)
 23750 | D:12     | Found an opulent altar of Gozag.
 24164 | D:12     | Found a portal to a secret trove of treasure.
 25168 | D:13     | Received a gift from Okawaru
 25478 | D:14     | Gained mutation: Your muscles are strong. (Str +2) [potion of beneficial mutation]
 25479 | D:14     | Gained mutation: You are somewhat resistant to further mutation. [potion of beneficial mutation]
 25598 | D:14     | Reached skill level 16 in Axes
 25620 | D:14     | Found a gate to the Vaults.
 25756 | D:14     | Found Voastou's Magic Scroll Emporium.
 25763 | D:14     | Bought a scroll of identify for 34 gold pieces
 25768 | D:14     | Reached skill level 10 in Fighting
 26795 | D:15     | Entered Level 15 of the Dungeon
 26828 | D:15     | Noticed Agnes
 26841 | D:15     | Reached XP level 15. HP: 77/115 MP: 9/21
 26849 | D:15     | Killed Agnes
 27068 | D:15     | Received a gift from Okawaru
 27094 | D:15     | Found a shadowy altar of Dithmenos.
 27110 | D:15     | Found Hiruekk's Food Shoppe.
 27450 | D:15     | Noticed Sonja
 27460 | D:15     | Killed Sonja
 27523 | D:15     | Found a staircase to the Depths.
 27569 | D:15     | Found a sacrificial altar of Ru.
 28003 | Snake:1  | Entered Level 1 of the Snake Pit
 28370 | Snake:1  | Noticed Aizul
 28386 | Snake:1  | HP: 4/117 [poisoned by Aizul (bolt of poison)]
 29341 | Snake:1  | Noticed Frances
 29360 | Snake:1  | Killed Frances
 29360 | Snake:1  | Received a gift from Okawaru
 29829 | Snake:1  | Killed Aizul
 30147 | Snake:1  | Noticed Donald
 30500 | Snake:1  | Killed Donald
 30921 | Snake:2  | Noticed a nagaraja
 31106 | Snake:2  | Killed a nagaraja
 31325 | Snake:2  | Noticed a nagaraja
 31332 | Snake:2  | Reached skill level 10 in Armour
 31451 | Lair:2   | Learned a level 3 spell: Spectral Weapon
 31455 | Lair:2   | Learned a level 3 spell: Regeneration
 31665 | Snake:2  | Gained mutation: You have a pair of small antennae on your head. [demonic ancestry]
 31665 | Snake:2  | Reached XP level 16. HP: 67/125 MP: 22/22
 31814 | Snake:2  | HP: 2/125 [nagaraja/orb of energy (35)]
 31816 | Snake:2  | Killed from afar by a nagaraja

Skill      XL: |  1  2  3  4  5  6  7  8  9 10 11 12 13 14 15 |
---------------+----------------------------------------------+-----
Axes           | 3 4 5 6 7 9 11 12 13 14 15 16 | 16.9
Invocations    | 2 5 7 9 |  9.0
Dodging        | 3 5 6 7 8 9 |  9.8
Armour         | 1 3 5 6 8 10 | 10.0
Fighting       | 5 6 8 9 10 11 | 11.0
Stealth        | 2 4 6 8 |  8.1
Evocations     | 1 4 6 7 |  7.8
Charms         | |  0.3

Action                   |  1- 3 |  4- 6 |  7- 9 | 10-12 | 13-15 | 16-18 || total
-------------------------+-------+-------+-------+-------+-------+-------++-------
Melee: Hand axe          |   106 |   140 |   371 |   826 |   399 |       ||  1842
       Punch             |       |       |       |     5 |       |       ||     5
       Battleaxe         |       |       |       |       |  1164 |     8 ||  1172
       Unarmed           |       |       |       |       |    12 |       ||    12
Invok: Heroism           |       |       |       |     7 |    18 |       ||    25
       Finesse           |       |       |       |     1 |     5 |       ||     6
Evoke: Wand              |       |       |       |    11 |     1 |       ||    12
       Lamp of fire      |       |       |       |     1 |     1 |       ||     2
       Rod               |       |       |       |     1 |       |       ||     1
       Box of beasts     |       |       |       |     1 |       |       ||     1
  Use: Scroll            |     3 |     2 |     4 |    21 |    15 |     1 ||    46
       Potion            |       |       |     1 |     2 |     7 |       ||    10
 Stab: Sleeping          |    11 |    12 |    25 |    29 |    67 |       ||   144
       Distracted        |       |       |       |    15 |    18 |       ||    33
       Invisible         |       |       |       |     4 |       |       ||     4
       Confused          |       |       |       |     1 |       |       ||     1
  Eat: Chunk             |     2 |     7 |    18 |    31 |    39 |       ||    97
       Bread ration      |       |       |       |       |     2 |       ||     2
       Beef jerky        |       |       |       |       |     1 |       ||     1
Armor: Robe              |    16 |    13 |     4 |       |       |       ||    33
       Leather armour    |       |       |    67 |    40 |       |       ||   107
       Troll leather arm |       |       |       |    78 |   201 |     2 ||   281
       Skin              |       |       |       |       |     2 |       ||     2
       Scale mail        |       |       |       |       |   138 |       ||   138
       Fire dragon scale |       |       |       |       |    34 |       ||    34
Dodge: Dodged            |    73 |    93 |   226 |   475 |  1523 |     6 ||  2396
